AoeStats
← Bear_Pig_Man

Nomad

510227517Analyzed
4v4 RM · 2d ago on Sep 30, 2026· 49m 44s· 8 players
Game mode
Random Map
Map size
231×231
Population
200
Speed
Normal
Resources
Standard
Victory
Conquest
Starting age
Dark Age
Ending age
Imperial Age
RankedLock teamsTeams togetherTeam positionsShared explorationLock speedFull tech treeHidden civsTurbo modeCheats
Victory
Defeat
🇲🇽 Varangians · Mexico
1179
+8
🇲🇽 Vietnamese · Mexico
1099
+11
🇲🇽 Mongols · Mexico
1072
+36
🇲🇽 Hindustanis · Mexico
1046
+13
🇺🇸 Spanish · United States
1041
-13
🇰🇿 Ethiopians · Kazakhstan
1017
-12
🇫🇮 Maya · Finland
968
-10
🇦🇷 Vikings · Argentina
930
-9
Bear_Pig_Man
6:37 Loom
15:06 Feudal Age
15:15 Feudal Age
16:37 Double-Bit Axe
21:20 Castle Age
20:59 Stone Mining
21:08 Horse Collar
21:42 Forging
21:40 Pikeman
23:31 Heavy Plow
24:48 Bow Saw
33:34 Squires
33:21 Gambesons
36:22 Wheelbarrow
40:16 Fletching
40:33 Scale Barding Armor
IceCube
5:40 Loom
16:10 Feudal Age
17:12 Town Watch
17:20 Horse Collar
20:08 Castle Age
20:08 Wheelbarrow
23:12 Double-Bit Axe
23:28 Heavy Plow
36:47 Fletching
37:44 Hand Cart
37:31 Gold Mining
38:37 Bodkin Arrow
42:43 Imperial Age
41:05 Ballistics
40:48 Padded Archer Armor
41:18 Masonry
41:05 Murder Holes
40:55 Crossbowman
42:07 Leather Archer Armor
42:04 Thumb Ring
43:47 Bracer
44:53 Chemistry
Rafikii
6:16 Loom
12:33 Feudal Age
19:04 Gold Mining
19:45 Arson
20:00 Double-Bit Axe
24:21 Castle Age
22:12 Man-at-Arms
23:07 Fishing Lines
24:49 Long Swordsman
25:52 Medium Warships
26:25 Squires
28:53 Fletching
30:22 Stone Mining
31:20 Bodkin Arrow
34:49 Gillnets
34:50 Elite Skirmisher
36:24 Horse Collar
37:25 Gold Shaft Mining
39:50 Town Watch
44:48 Imperial Age
42:42 Scale Mail Armor
43:25 Heavy Plow
43:46 Bow Saw
45:42 Ballistics
45:13 Pikeman
46:22 Bracer
46:38 Chain Mail Armor
47:39 Two-Man Saw
48:24 Crop Rotation
49:49 Forging
Rölli
4:07 Loom
14:38 Feudal Age
15:27 Double-Bit Axe
15:32 Horse Collar
24:37 Castle Age
24:00 Forging
24:45 Scale Mail Armor
24:44 Pikeman
25:24 Squires
26:36 Crossbowman
27:27 Fletching
27:38 Padded Archer Armor
32:03 Thumb Ring
32:28 Ballistics
38:12 Imperial Age
39:16 Elite Skirmisher
42:00 Bodkin Arrow
45:46 Hul'che Javelineers
Pinoye12
3:55 Loom
14:55 Feudal Age
18:22 Castle Age
17:53 Bloodlines
18:20 Scale Barding Armor
19:40 Horse Collar
20:08 Husbandry
20:43 Fishing Lines
22:10 Chain Barding Armor
22:46 Forging
28:11 Iron Casting
28:21 Double-Bit Axe
33:05 Gillnets
35:48 Heavy Plow
36:28 Bow Saw
36:30 Fletching
37:56 Bodkin Arrow
39:47 Gold Mining
43:25 Imperial Age
42:35 Wheelbarrow
45:06 Plate Barding Armor
45:10 Conscription
45:48 Elite Jarl
47:22 Hand Cart
48:27 Blast Furnace
ElDelControl24
13:00 Loom
15:19 Feudal Age
22:56 Castle Age
21:30 Double-Bit Axe
22:30 Fletching
22:26 Horse Collar
23:55 Medium Warships
24:21 Bow Saw
25:12 Fishing Lines
32:04 Gold Mining
32:04 Stone Mining
34:09 Wheelbarrow
34:08 Bodkin Arrow
34:35 Ballistics
38:53 Imperial Age
37:07 Town Watch
38:07 Gold Shaft Mining
38:17 Heavy Plow
38:33 Padded Archer Armor
39:37 Stone Shaft Mining
39:41 Hand Cart
39:15 Light Cavalry
40:06 Bloodlines
42:18 Husbandry
43:20 Bracer
43:32 Forging
43:27 Scale Barding Armor
45:14 Masonry
MaN0s MaGiCaS
3:24 Loom
15:49 Feudal Age
16:15 Fishing Lines
16:35 Double-Bit Axe
20:27 Castle Age
19:21 Forging
22:18 Wheelbarrow
22:20 Scale Barding Armor
23:28 Chain Barding Armor
23:44 Iron Casting
28:14 Crossbowman
30:13 Fletching
30:23 Padded Archer Armor
31:55 Elite Skirmisher
33:08 Bow Saw
33:01 Bodkin Arrow
33:40 Hand Cart
34:44 Town Watch
37:38 Imperial Age
35:20 Gold Mining
35:20 Stone Mining
36:28 Leather Archer Armor
37:02 Horse Collar
37:45 Thumb Ring
39:40 Chemistry
39:36 Bracer
41:20 Heavy Plow
40:52 Arbalester
43:26 Ring Archer Armor
45:00 Siege Engineers
46:11 Bloodlines
46:02 Husbandry
46:08 Imperial Skirmisher
XGTIROMlllX
10:57 Loom
16:16 Feudal Age
23:00 Castle Age
21:27 Double-Bit Axe
21:24 Horse Collar
23:50 Gold Mining
24:04 Husbandry
24:57 Scale Mail Armor
25:03 Scale Barding Armor
26:11 Town Watch
27:02 Wheelbarrow
29:26 Gold Shaft Mining
28:42 Stone Mining
31:20 Hand Cart
38:12 Imperial Age
36:39 Stone Shaft Mining
38:24 Chain Mail Armor
38:19 Forging
38:30 Chain Barding Armor
39:51 Heavy Camel Rider
41:46 Chemistry
42:17 Imperial Camel Rider
49:16 Plate Barding Armor
49:17 Iron Casting
Connection lost

Rejoining the realm…

Still unreachable

The connection could not be restored.

Session expired

The server has moved on; the page needs a fresh start.